Match 46878950
Unlisted

Match 46878950
End
Construct Barracks
Riflemen Squad
M1 Mortar Team
Riflemen Squad
Grenade Package
Riflemen Squad
Air Support Center
Grasshopper Recon Run
Construct Motor Pool
P-47 Strafing Run
M8 Greyhound Armored Car
Double Sortie
Grasshopper Recon Run
P-47 Strafing Run
Air Supply
Engineer Squad
P-47 Strafing Run
P-47 Dive Bomb
Construct Weapon Support Center
Grasshopper Recon Run
M1 Anti-tank Gun Team
P-47 Strafing Run
M1918 Browning Automatic Rifles
P-47 Dive Bomb
P-47 Strafing Run
Selects Special Operations Battlegroup
Selects M29 Weasel Recon Vehicle
Selects Mark Vehicle
Selects M4A1 Sherman Whizbang
M4A1 Sherman Whizbang
M3 Armored Personnel Carrier
Grasshopper Recon Run
Construct Tank Depot
Mark Vehicle
P-47 Strafing Run
Selects Raiding Flares
剩者为王
冲锋大哥
跪下Kneel
顶尖猎杀者
The101stAirBorne ITA
Capibimbambombolilalone ITA
Konrad Curze
FLOKL
0
0

Comments sign in to comment!

No comments posted yet!